 Dungeon Crawl Stone Soup version 0.19-a0-1224-g978f909 (webtiles) character file.

211 Lindan9 the Shield-Bearer (level 6, -1/48 HPs)
             Began as a Formicid Fighter on Aug 24, 2016.
             Slain by Pikel
             ... wielding a +2 whip of freezing
              (2 damage)
             ... on level 4 of the Dungeon.
             The game lasted 00:07:00 (2227 turns).

Lindan9 the Shield-Bearer (Formicid Fighter)        Turns: 2227, Time: 00:07:00

Health: -1/48      AC:  9    Str: 27    XL:     6   Next: 13%
Magic:  6/6        EV:  9    Int:  8    God:
Gold:   96         SH: 10    Dex: 10    Spells: 0 memorised, 5 levels left

rFire  . . .     SeeInvis +     a - +0 war axe
rCold  + . .     Gourm    .     b - +0 scale mail
rNeg   . . .     Faith    .     c - +0 shield
rPois  .         Spirit   .     (helmet unavailable)
rElec  .         Dismiss  .     e - +0 cloak
rCorr  .         Reflect  .     (no gloves)
MR     .....     Harm     .     k - +0 pair of boots
Stlth  ..........               (no amulet)
                                (no ring)
                                w - ring of protection from cold

@: mighty
A: permanent stasis, dig shafts and tunnels, four strong arms, antennae 3
a: Dig, Shaft Self


You were on level 4 of the Dungeon.
You were not hungry.

You visited 1 branch of the dungeon, and saw 4 of its levels.

You collected 96 gold pieces.

Inventory:

Hand Weapons
 a - a +0 war axe (weapon)
Armour
 b - a +0 scale mail (worn)
 c - a +0 shield (worn)
 e - a +0 cloak (worn)
 k - a +0 pair of boots (worn)
Jewellery
 w - a ring of protection from cold (left hand)
Scrolls
 h - a scroll of noise {unknown}
 i - 4 scrolls of identify {unknown}
 q - a scroll of blinking {unknown}
 r - a scroll of magic mapping {unknown}
 v - 2 scrolls of enchant armour {unknown}
Potions
 f - a potion of berserk rage {unknown}
 j - a potion of beneficial mutation {unknown}
 l - a potion of brilliance {unknown}
 m - a potion of curing {unknown}
 o - a potion of cancellation {unknown}
 p - a potion of mutation {unknown}
 s - a potion of cure mutation {unknown}
 t - a potion of degeneration {unknown}
Comestibles
 g - a beef jerky
 n - a meat ration


   Skills:
 + Level 4.0 Fighting
 + Level 3.1 Axes
 + Level 4.1 Armour
 + Level 1.6 Dodging
 + Level 5.2 Shields


You had 5 spell levels left.
You didn't know any spells.

Dungeon Overview and Level Annotations

Branches:
Dungeon (4/15)
 Temple: D:4-7

Altars:
Qazlal

Shops:
D:4 *

Annotations:
D:4 Pikel


Innate Abilities, Weirdness & Mutations

You are under a permanent stasis effect.
You can dig through walls and to a lower floor.
Your four strong arms can wield two-handed weapons with a shield.
You have a pair of large antennae on your head. (SInv)


Message History

Press: ? - help, v - describe, . - travel, g - get item An animal skin.
There is something else lying underneath.
The floor, spattered with blood.
It was a potion of magic.
Magic courses through your body. The slave hits you.
* * * LOW HITPOINT WARNING * * *
You block Pikel's attack.
You feel very mighty all of a sudden. You block the slave's attack.
Pikel says, "You'll fetch a fair price!"
You block Pikel's attack.
You barely miss Pikel.
Pikel is heavily wounded.
You closely miss the slave. The slave barely misses you.
You block Pikel's attack. The slave hits you.
* * * LOW HITPOINT WARNING * * *
You slash Pikel!
Pikel is almost dead.
You slash the slave! Pikel hits you with a whip of freezing.
You die...

##########
#.....{p{.
#.######.p
#......#
#......#
#......#
##.pK..# #.[@.##
#....# ##...#
#...# ###...##
###### #......#
#....###......#
#.............#
##.............#


You could see Pikel and a slave.

Vanquished Creatures
  A slave (D:4)
  A scorpion (D:3)
  An orc priest (D:3)
  Jessica (D:3)
  An orc wizard (D:3)
  A worker ant (D:4)
  2 worms (D:2)
  A dart slug (D:3)
  2 giant geckos
  5 orcs (D:3)
  A ball python (D:3)
  A giant cockroach (D:1)
  5 goblins
  5 hobgoblins
  2 quokkas (D:2)
  4 bats
  A giant gecko skeleton (D:3)
  A giant newt (D:1)
  6 kobolds
  4 rats
46 creatures vanquished.

Notes
Turn   | Place    | Note
-------+----------+-------------------------------------------
     0 | D:1      | Lindan9 the Formicid Fighter began the quest for the Orb.
     0 | D:1      | Reached XP level 1. HP: 18/18 MP: 1/1
   293 | D:1      | Reached XP level 2. HP: 20/24 MP: 2/2
   779 | D:2      | Reached skill level 4 in Shields
   812 | D:2      | Reached XP level 3. HP: 28/30 MP: 3/3
  1189 | D:3      | Noticed Jessica
  1201 | D:3      | Killed Jessica
  1201 | D:3      | Reached XP level 4. HP: 26/37 MP: 4/4
  1396 | D:3      | Reached skill level 1 in Dodging
  1396 | D:3      | Reached XP level 5. HP: 26/42 MP: 5/5
  1477 | D:3      | Reached skill level 5 in Shields
  1493 | D:3      | Found a stormy altar of Qazlal.
  1729 | D:3      | Reached XP level 6. HP: 48/48 MP: 6/6
  1903 | D:4      | Found Rynypnogg's General Store.
  2195 | D:4      | Noticed a slave
  2196 | D:4      | Noticed a slave
  2197 | D:4      | Noticed Pikel
  2197 | D:4      | Noticed a slave
  2222 | D:4      | HP: 2/48 [slave[Pikel] (1)]
  2223 | D:4      | Killed a slave
  2227 | D:4      | Slain by Pikel

Vault maps used:
D:1:      minmay_arrival_solitary_statue
D:3:      nicolae_qazlal_general_emergency, hangedman_decor_growths,
          uniq_jessica
D:4:      serial_shops, shop, nicolae_shop_crystal, nicolae_shop_stone, shop,
          nicolae_shop_stone, first_bread, led_sif_book, uniq_menkaure,
          uniq_pikel, uniq_crazy_yiuf_cottage

Skill      XL: |  1  2  3  4  5  6 |
---------------+-------------------+-----
Shields        | 4 5 |  5.2
Dodging        | 1 |  1.6
Fighting       | 4 |  4.0
Armour         | 4 |  4.1
Axes           | 3 |  3.1

Action                   |  1- 3 |  4- 6 || total
-------------------------+-------+-------++-------
Melee: War axe           |   129 |    81 ||   210
  Use: Potion            |       |     2 ||     2
  Eat: Bread ration      |     1 |       ||     1
Armor: Scale mail        |    56 |    41 ||    97
Dodge: Dodged            |    42 |    36 ||    78
Block: Shield            |    71 |    50 ||   121
